 Dungeon Crawl Stone Soup version 0.25.1-2-g60ff931df9 (webtiles) character file.

Game seed: 13683211079992172261

31 gruber the Stinger (level 3, 0/21 HPs)
             Began as an Octopode Venom Mage on Sept 21, 2020.
             Killed from afar by Natasha (9 damage)
             ... with a magic dart
             ... on level 2 of the Dungeon.
             The game lasted 00:01:08 (1374 turns).

gruber the Stinger (Octopode Venom Mage)            Turns: 1374, Time: 00:01:09

Health: 0/21       AC:  1    Str:  7    XL:     3   Next: 22%
Magic:  2/6        EV: 13    Int: 18    God:
Gold:   38         SH:  0    Dex: 12    Spells: 3/6 levels left

rFire    . . .     SeeInvis .   c - +1 whip (drain)
rCold    . . .     Gourm    .   (no shield)
rNeg     . . .     Faith    .   (helmet restricted)
rPois    .         Spirit   .   (no amulet)
rElec    .         Reflect  .   (no ring)
rCorr    .         Harm     .   (no ring)
MR       .....                  (no ring)
Stlth    +++.......             (no ring)
HPRegen  0.07/turn              (no ring)
MPRegen  0.10/turn              (no ring)
                                (no ring)
                                (no ring)

@: no status effects
A: almost no armour, stealthy swim, amphibious, 8 rings, constrict 8, camouflage
1, gelatinous body 1
a: no special abilities


You were on level 2 of the Dungeon.
You were not hungry.

You visited 1 branch of the dungeon, and saw 2 of its levels.

You collected 38 gold pieces.

Inventory:

Hand Weapons
 c - a +1 whip of draining (weapon)
Jewellery
 f - a cursed +6 ring of dexterity {unknown}
Scrolls
 a - 2 scrolls of teleportation {unknown}
 d - 2 scrolls of identify {unknown}
 e - a scroll of blinking {unknown}
Potions
 h - a potion of curing {unknown}
Comestibles
 b - 2 rations
 g - a chunk of flesh


   Skills:
 - Level 2.0 Dodging
 - Level 2.6 Stealth
 - Level 2.0 Spellcasting
 - Level 1.0 Transmutations
 - Level 0.1 Air Magic
 + Level 5.1 Poison Magic


You had 3 spell levels left.
You knew the following spells:

 Your Spells              Type           Power        Failure   Level  Hunger
a - Sting                 Tmut/Pois      ##..         4%          1    #......
b - Poisonous Vapours     Pois/Air       ##....       10%         2    ###....

Your spell library contained the following spells:

 Spells                   Type           Power        Failure   Level  Hunger
 Ignite Poison            Fire/Tmut/Pois #.......     24%         3    ###....
 Mephitic Cloud           Conj/Pois/Air  #.......     26%         3    ###....
 Olgreb's Toxic Radiance  Pois           ###.....     22%         4    #####..


Dungeon Overview and Level Annotations

Branches:
Dungeon (2/15)

Altars:

Annotations:
D:2 Natasha


Innate Abilities, Weirdness & Mutations

You cannot wear most types of armour.
You are very stealthy in the water. (Stealth+)
You are amphibious.
You can wear up to eight rings at the same time.
You can use your tentacles to constrict eight enemies at once.
Your skin changes colour to match your surroundings (Stealth+).
Your rubbery body absorbs attacks. (AC +1, EV +1)


Message History

Press: ? - help, Dir - move target cursor, f - adder
Aim: an adder Poisonous vapours surround the adder!
The adder is engulfed in poison gas.
The adder is poisoned.
The adder bites you.
Unknown command.
Casting: Poisonous Vapours (safe; 11% risk of failure)
Confirm with . or Enter, or press ? or * to list all spells.
You don't have enough magic to cast that spell.
The adder bites you.
You see here 17 gold pieces.
You kill the adder!
Your Poison Magic skill increases to level 5!
You have reached level 3!
Your experience leads to an increase in your attributes!
Increase (S)trength, (I)ntelligence, or (D)exterity?
You feel clever.
Natasha casts a spell.
Natasha casts a spell at you. The magic dart hits you!
You die...

#######.#
#####.####
#........#
#.###.###.##.#
..........##...
#......<......##
##.##.#.#####.#
# ..##.#.#
#.#.#..#@###
..........#
.....##.#.###.#
####.##h......#
#....$.5.#####
#.####....####
#.......+
#†....####
#.##...#


You could see Natasha and a white imp (summoned).

Vanquished Creatures
  An adder (D:2)
  A dart slug (D:1)
  A leopard gecko (D:1)
  2 bats (D:1)
  A goblin (D:1)
  4 hobgoblins (D:1)
  A ball python (D:1)
  A frilled lizard (D:2)
  5 kobolds (D:1)
  3 rats (D:1)
20 creatures vanquished.

Notes
Turn   | Place    | Note
-------+----------+-------------------------------------------
     0 | D:1      | gruber the Octopode Venom Mage began the quest for the Orb.
     0 | D:1      | Reached XP level 1. HP: 11/11 MP: 3/3
   156 | D:1      | Reached skill level 4 in Poison Magic
   168 | D:1      | Reached XP level 2. HP: 17/17 MP: 3/5
   203 | D:1      | Learned a level 2 spell: Poisonous Vapours
  1365 | D:2      | Noticed Natasha
  1371 | D:2      | Reached skill level 5 in Poison Magic
  1371 | D:2      | Reached XP level 3. HP: 8/21 MP: 2/6
  1374 | D:2      | Killed from afar by Natasha

Illustrated notes

Levels and vault maps discovered:
D:1:      evilmike_arrival_hilbert_curve, layout_basic,
          ebering_dispersal_statue_hall
D:2:      layout_loops_corners, first_ration, minmay_pentomino_pile,
          uniq_natasha

Skill      XL: |  1  2 |
---------------+-------+-----
Poison Magic   | 4 5 |  5.1
Dodging        | |  2.0
Stealth        | |  2.6
Spellcasting   | |  2.0
Transmutations | |  1.0
Air Magic      | |  0.1

Action                   || total
-------------------------++-------
Melee: Unarmed           ||    14
       Constrict         ||     6
       Tentacles         ||     2
       Whip              ||     7
 Cast: Sting             ||     5
       Poisonous Vapours ||    14
  Eat: Chunk             ||     2
Armor: Skin              ||     3
Dodge: Dodged            ||    18
